 Dungeon Crawl Stone Soup version 0.14.2 (webtiles) character file.

609 inmateoo the Chopper (level 6, 0/56 HPs)
             Began as a Minotaur Fighter on Jan 15, 2018.
             Slain by a gnoll
             ... wielding a +0,+1 whip
              (6 damage)
             ... on Level 2 of the Dungeon.
             The game lasted 00:04:03 (3099 turns).

inmateoo the Chopper (Minotaur Fighter)             Turns: 3099, Time: 00:04:04

HP   0/56        AC  7     Str 22      XL: 6   Next: 91%
MP   3/3         EV  7     Int  5      God:
Gold 117         SH 20     Dex 10      Spells:  0 memorised,  5 levels left

rFire  . . .     SeeInvis .     a - +1 war axe
rCold  . . .     Clarity  .     b - +0 scale mail
rNeg   + . .     Conserve .     p - +0 shield
rPois  .         rCorr    .     (helmet restricted)
rElec  .         rRot     .     (no cloak)
SustAb . .       Spirit   .     (no gloves)
rMut   .         Warding  .     (no boots)
Saprov . . .     Stasis   .     (no amulet)
MR     .....                    (no ring)
                                m - ring of positive energy {unknown}

@: not resistant to hostile enchantments, extremely unstealthy
A: retaliatory headbutt, horns 2
a: no special abilities


You were on level 2 of the Dungeon.
You were very hungry.

You visited 1 branch of the dungeon, and saw 3 of its levels.

You collected 117 gold pieces.

Inventory:

Hand weapons
 a - a +1,+1 war axe (weapon)
Armour
 b - a +0 scale mail (worn)
 p - a +0 shield (worn)
Comestibles
 c - 14 grapes
 d - 4 bread rations
 j - a choko
 l - a pear
 o - a sausage
 q - a meat ration
 s - 4 rotting chunks of gnoll flesh
Scrolls
 e - a scroll of enchant weapon II
 i - a scroll of fear
 k - a scroll of teleportation
 n - a scroll of remove curse
Jewellery
 m - a ring of positive energy (left hand) {unknown}
Potions
 f - a potion of curing
 g - a potion of haste {unknown}
 h - 2 potions of brilliance {unknown}


   Skills:
 + Level 5.2 Fighting
 * Level 5.8 Axes
 + Level 5.4 Armour
 + Level 5.4 Shields


You had 5 spell levels left.
You didn't know any spells.

Dungeon Overview and Level Annotations

Branches:
Dungeon (3/15)

Altars:


Innate Abilities, Weirdness & Mutations

You reflexively headbutt those who attack you in melee.
You have a pair of horns on your head.


Message History

* * * LOW HITPOINT WARNING * * *
The gnoll sergeant hits you from afar with a spear.
* * * LOW HITPOINT WARNING * * *
You climb upwards.
There is a stone staircase leading down here.
Unknown command.
Unknown command.
Unknown command.
You hit the gnoll.
The gnoll is moderately wounded.
You hit the gnoll but do no damage. The gnoll closely misses you.
The gnoll hits you with a glowing halberd.
* * * LOW HITPOINT WARNING * * *
Unknown command.
You slash the gnoll!
The gnoll is almost dead.
You hit the gnoll.
The gnoll is lightly wounded.
The gnoll hits you with a whip.
You die...

#...........# #.....
#...........# #.....
#...........######.....
#...........#..........
#...........'.####.....
#...........### #.....
#...........# #.....
#......g....# #####.
#.....@.....# ####...
######g.##### #....##
######)#### ##+#####
#....)....# #.....).
#.........# #.......
#.........# #.......
#.........#####.....).
#.........#...'.......
#.........'.###.......


You could see 2 gnolls.

Vanquished Creatures
  The ghost of Cadaver the Slasher, an average HESk (D:3)
  2 gnoll shamans (D:3)
  20 gnolls
  4 adders (D:2)
  2 giant mites
  2 worms (D:3)
  An inept feature mimic (D:2)
  4 giant geckos
  9 orcs (D:3)
  7 bats
  7 hobgoblins
  21 jackals
  9 kobolds
  A giant cockroach (D:3)
  2 giant newts
  7 goblins
  10 rats
109 creatures vanquished.

Notes
Turn   | Place    | Note
--------------------------------------------------------------
     0 | D:1      | inmateoo, the Minotaur Fighter, began the quest for the Orb.
     0 | D:1      | Reached XP level 1. HP: 19/19 MP: 1/1
   146 | D:1      | Reached XP level 2. HP: 25/27 MP: 1/1
   373 | D:1      | Reached XP level 3. HP: 30/33 MP: 2/2
   608 | D:1      | Reached skill level 4 in Fighting
  1052 | D:2      | Reached XP level 4. HP: 37/40 MP: 2/2
  1547 | D:3      | Noticed Cadaver's ghost (average HESk)
  1559 | D:3      | Killed Cadaver's ghost
  1559 | D:3      | Reached XP level 5. HP: 41/47 MP: 2/2
  2258 | D:3      | Reached skill level 5 in Axes
  2258 | D:3      | Reached skill level 5 in Armour
  2258 | D:3      | Reached XP level 6. HP: 40/55 MP: 3/3
  2260 | D:3      | Reached skill level 5 in Fighting
  2260 | D:3      | Reached skill level 5 in Shields
  3099 | D:2      | Slain by a gnoll

Action                   |  1- 3 |  4- 6 || total
-------------------------+-------+-------++-------
Melee: War axe           |    68 |   156 ||   224
  Use: Scroll            |     4 |     5 ||     9
       Potion            |       |     1 ||     1
